AoeStats
← Terric

Arena

507522807Analyzed
3v3 RM · 13d ago on Sep 18, 2026· 48m 13s· 6 players
Game mode
Random Map
Map size
Normal (6 player)
Population
200
Speed
Normal
Resources
Standard
Victory
Conquest
Starting age
Dark Age
Ending age
Imperial Age
RankedLock teamsTeams togetherTeam positionsShared explorationLock speedFull tech treeHidden civsTurbo modeCheats
Victory
Defeat
🇹🇼 Franks · Taiwan
854
+11
🇹🇼 Bohemians · Taiwan
837
+12
🇹🇼 Japanese · Taiwan
814
+13
🇨🇳 Saracens · China
775
-13
🇫🇷 Goths · France
738
-12
🇩🇪 Tupi · Germany
720
-11
784f22fd
12:09 Feudal Age
16:14 Castle Age
14:21 Horse Collar
17:55 Double-Bit Axe
18:13 Heavy Plow
19:42 Bow Saw
28:46 Gold Mining
28:47 Stone Mining
32:13 Imperial Age
29:59 Treadmill Crane
30:18 Murder Holes
31:34 Bloodlines
31:25 Husbandry
33:24 Parthian Tactics
33:59 Conscription
35:18 Two-Man Saw
emir.radurof
0:35 Loom
11:38 Feudal Age
12:13 Double-Bit Axe
12:11 Horse Collar
18:07 Castle Age
17:23 Stone Mining
17:27 Gold Mining
19:01 Bow Saw
18:55 Heavy Plow
21:12 Fervor
27:21 Squires
26:43 Pikeman
26:52 Man-at-Arms
28:57 Long Swordsman
29:43 Elite Skirmisher
34:15 Imperial Age
32:41 Anarchy
34:20 Forging
34:11 Scale Mail Armor
35:44 Iron Casting
35:01 Fletching
35:11 Murder Holes
35:38 Ballistics
36:19 Chemistry
35:25 Perfusion
35:49 Conscription
35:41 Halberdier
37:02 Elite Huskarl
43:08 Blast Furnace
42:24 Chain Mail Armor
42:23 Masonry
Terric
2:13 Loom
11:03 Feudal Age
12:41 Wheelbarrow
12:46 Double-Bit Axe
12:43 Horse Collar
Hot_Sauce_0524
17:01 Feudal Age
18:11 Double-Bit Axe
19:26 Wheelbarrow
21:07 Castle Age
20:14 Wheelbarrow
19:24 Horse Collar
22:20 Loom
22:57 Bow Saw
22:49 Heavy Plow
26:45 Imperial Age
30:50 Two-Man Saw
31:27 Wagenburg Tactics
31:37 Elite Hussite Wagon
34:25 Chemistry
33:41 Town Watch
36:29 Houfnice
42:29 Bombard Tower
48:17 Conscription
chen07061027
9:49 Loom
11:34 Feudal Age
16:29 Castle Age
17:22 Castle Age
15:26 Double-Bit Axe
16:30 Gold Mining
19:51 Husbandry
23:33 Fervor
26:57 Scale Barding Armor
27:03 Forging
32:05 Imperial Age
30:54 Wheelbarrow
31:47 Bow Saw
32:12 Cavalier
33:14 Chain Barding Armor
35:29 Chivalry
36:20 Gold Shaft Mining
38:02 Chemistry
38:19 Plate Barding Armor
38:03 Paladin
39:53 Conscription
40:26 Iron Casting
40:12 Hand Cart
49:29 Blast Furnace
社會真黑暗
7:34 Loom
11:54 Feudal Age
17:37 Castle Age
16:38 Double-Bit Axe
16:56 Scale Mail Armor
16:48 Gold Mining
19:54 Chain Mail Armor
19:24 Horse Collar
20:22 Gold Shaft Mining
23:29 Wheelbarrow
24:03 Bow Saw
25:16 Forging
25:14 Heavy Plow
28:44 Hand Cart
33:23 Imperial Age
33:59 Forging
35:55 Elite Samurai
36:51 Pikeman
37:32 Squires
37:36 Halberdier
38:02 Gambesons
39:56 Plate Mail Armor
40:01 Iron Casting
40:51 Kataparuto
44:14 Treadmill Crane
44:47 Masonry
45:40 Blast Furnace
47:28 Arson
Connection lost

Rejoining the realm…

Still unreachable

The connection could not be restored.

Session expired

The server has moved on; the page needs a fresh start.